 Dungeon Crawl Stone Soup version 0.30.1-3-gfc49f6343a (webtiles) character file.

Game seed: 9831303999409228969

374 ChadusMaximus the Chopper (level 6, 0/56 HPs)
             Began as a Minotaur Fighter on July 27, 2023.
             Slain by a lemure (1 damage)
             ... led by Pikel
             ... on level 4 of the Dungeon.
             The game lasted 00:03:50 (4212 turns).

ChadusMaximus the Chopper (Minotaur Fighter)        Turns: 4212, Time: 00:03:51

Health: 0/56       AC:  8    Str: 22      XL:     6   Next: 43%
Magic:  0/5        EV:  9    Int:  2 (4)  God:
Gold:   515        SH:  5    Dex: 10 (13) Spells: 5/5 levels left

rFire   . . .        a - +0 war axe
rCold   . . .        c - +0 buckler
rNeg    . . .        b - +0 scale mail
rPois   .            (helmet restricted)
rElec   .            (no cloak)
rCorr   .            n - +0 pair of gloves
SInv    .            (no boots)
Will    .....        j - amulet of guardian spirit Stlth
                     (no ring)
HPRegen 0.29/turn    (no ring)
MPRegen 0.09/turn

%: guardian spirit
@: no status effects
A: horns 2, retaliatory headbutt, agile 1
a: no special abilities


You were on level 4 of the Dungeon.
You visited 1 branch of the dungeon, and saw 5 of its levels.
You also visited: Ossuary.

You collected 515 gold pieces.

Inventory:

Hand Weapons
 a - a +0 war axe (weapon)
Armour
 b - a +0 scale mail (worn)
 c - a +0 buckler (worn)
 n - a +0 pair of gloves (worn)
Jewellery
 j - an amulet of guardian spirit (around neck)
Wands
 A - a wand of polymorph (8)
 B - a wand of charming (4)
Scrolls
 e - 3 scrolls of fog {unknown}
 h - a scroll of fear {unknown}
 i - 3 scrolls of noise {unknown}
 l - 2 scrolls of amnesia
 o - a scroll of vulnerability {unknown}
 p - a scroll of teleportation {unknown}
 q - 2 scrolls of blinking {unknown}
 t - 2 scrolls of identify {unknown}
 v - a scroll of butterflies {unknown}
 w - a scroll of magic mapping {unknown}
 y - 2 scrolls of enchant weapon {unknown}
Potions
 d - 3 potions of might
 f - 3 potions of mutation
 g - 4 potions of curing {unknown}
 k - 2 potions of heal wounds {unknown}
 m - a potion of degeneration
 r - a potion of attraction
 s - 3 potions of lignification {unknown}
 u - 2 potions of ambrosia {unknown}
 x - 4 potions of haste
 z - a potion of flight {unknown}


   Skills:
 + Level 5.0 Fighting
 * Level 5.6 Axes
 + Level 5.1 Armour
 + Level 5.0 Shields


You had 5 spell levels left.
You didn't know any spells.
Your spell library contained the following spells:

 Spells                   Type           Power      Damage    Failure   Level
 Ensorcelled Hibernation  Hex/Ice        0%         N/A       96%         2
 Passwall                 Tmut/Erth      0%         N/A       96%         2
 Swiftness                Air            0%         N/A       99%         3
 Blade Hands              Tmut           0%         N/A       100%        5
 Irradiate                Conj/Tmut      0%         3d11      100%        5
 Dragon Form              Tmut           0%         N/A       100%        7


Dungeon Overview and Level Annotations

Branches:
Dungeon (5/15)            Ossuary (visited)
 Temple: D:4-7

Altars:
Uskayaw
The Shining One

Shops:
D:2 :(?

Annotations:
D:3 2 transporters, ymhsbmbesitwf's ghost, weakling OgCK
D:4 Pikel


Innate Abilities, Weirdness & Mutations

You have a pair of horns on your head.
You reflexively headbutt those who attack you in melee.
You are agile. (Dex +4, Str/Int -1)


Message History

Unknown command.
You are too injured to fight recklessly!
You are too injured to fight recklessly!
Unknown command.
You are too injured to fight recklessly!
Unknown command.
You are too injured to fight recklessly!
You are too injured to fight recklessly!
You barely miss Pikel.
Pikel is heavily wounded.
You hit the lemure. x2; The lemure hits you.
The lemure hits you but does no damage.
Pikel hits you with a +2 whip of freezing.
Pikel freezes you.
You barely miss Pikel.
Pikel is heavily wounded.
You hit the lemure but do no damage. You closely miss the lemure.
You block the lemure's attack. The lemure hits you.
Pikel hits you with a +2 whip of freezing.
* * * LOW HITPOINT WARNING * * *
Pikel freezes you.
* * * LOW HITPOINT WARNING * * *
You miss Pikel.
Pikel is heavily wounded.
You barely miss the lemure. x2; You block the lemure's attack. x2
Pikel hits you but does no damage.
Unknown command.
You hit Pikel. Your headbutt misses Pikel.
Pikel is heavily wounded.
You hit the lemure. You slash the lemure! The lemure hits you.
* * * LOW HITPOINT WARNING * * *
The lemure hits you but does no damage.
Pikel hits you with a +2 whip of freezing.
* * * LOW HITPOINT WARNING * * *
Pikel freezes you.
The lemure hits you but does no damage. x2
Pikel barely misses you.
As you read the scroll labelled VAPIHA VIAR, it crumbles to dust.
It is a scroll of amnesia.
You feel forgetful for a moment. The lemure hits you.
You die...

##.#### ##.##.###.#....... #.#
#.##.# #......... #.#
#.##.#####.#####. #######.##
#.#......#.##..#.
#........######........#.##..#.
#........##........#####.##..#.
#.........................#..#.
#........##........########..#.
#........##..5@5...# #..##
#........##..K.)...# #..#
#........##........# #..##
#........##........# #....
###########........### #....
#.........'#######'..
#........##...#...#..
###########.>.#.>.##.
#....##...#...##.


You could see Pikel and 2 lemures.

Vanquished Creatures
  A hound (D:5)
  Jessica (D:2)
  A sleepcap (D:4)
  2 iguanas
  8 mummies (Ossuary)
  4 adders
  An ufetubus (D:5)
  4 worms
  A dart slug (D:4)
  2 orcs (D:4)
  A bat (D:1)
  8 endoplasms
  11 giant cockroaches
  A gnoll zombie (Ossuary)
  6 goblins
  7 hobgoblins
  2 quokkas (D:1)
  9 ball pythons
  2 frilled lizards
  3 hobgoblin zombies (Ossuary)
  4 kobolds (D:1)
  3 kobold zombies (Ossuary)
  An orc zombie (Ossuary)
  9 rats
92 creatures vanquished.

Notes
Turn   | Place    | Note
-------+----------+-------------------------------------------
     0 | D:1      | ChadusMaximus the Minotaur Fighter began the quest for the
                  | Orb.
     0 | D:1      | Reached XP level 1. HP: 19/19 MP: 0/0
   131 | D:1      | Reached XP level 2. HP: 25/27 MP: 1/1
   342 | D:1      | Reached XP level 3. HP: 33/33 MP: 2/2
   667 | D:2      | Noticed Jessica
   669 | D:2      | Killed Jessica
   703 | D:2      | Reached XP level 4. HP: 40/40 MP: 3/3
   705 | D:2      | Found Soczoviul's Weapon Boutique.
   741 | D:2      | Found Keziwky's Magic Scroll Shoppe.
   930 | D:2      | Found Wichios's Book Emporium.
  1908 | D:3      | Found a transporter.
  1909 | D:3      | Found a transporter.
  1997 | D:3      | Noticed ymhsbmbesitwf's ghost (weakling OgCK)
  2098 | D:3      | Reached XP level 5. HP: 47/47 MP: 4/4
  2266 | D:4      | You fall into a shaft and drop 1 floor!
  2266 | D:5      | Entered Level 5 of the Dungeon
  2479 | D:5      | Found a glowing golden altar of the Shining One.
  2513 | D:5      | Noticed Pikel
  2513 | D:5      | Noticed a lemure
  2514 | D:5      | Noticed a lemure
  2515 | D:5      | Noticed a lemure
  2515 | D:5      | Noticed a lemure
  2620 | D:4      | Found a sand-covered staircase.
  2635 | Ossuary  | Entered an ossuary
  2653 | Ossuary  | Reached skill level 5 in Axes
  2830 | Ossuary  | Reached XP level 6. HP: 13/55 MP: 2/5
  2847 | Ossuary  | Gained mutation: You are agile. (Dex +4, Str/Int -1)
                  | [potion of mutation]
  3500 | D:4      | Found a hide-covered altar of Uskayaw.
  3515 | D:4      | Reached skill level 5 in Fighting
  3515 | D:4      | Reached skill level 5 in Armour
  3515 | D:4      | Reached skill level 5 in Shields
  4211 | D:4      | HP: 1/56 [Pikel/+2 whip of freezing (2)]
  4212 | D:4      | Slain by a lemure

Illustrated notes

Levels and vault maps discovered:
D:1:      scummos_arrival_checkerplants, layout_rooms,
          chequers_serial_rivers_small_3
D:2:      layout_loops_ring, serial_forest, infiniplex_forest_lined_3_way,
          infiniplex_forest_straight_1, infiniplex_forest_clump_cross,
          infiniplex_forest_split, infiniplex_forest_lined_room_,
          infiniplex_forest_clump_curved, infiniplex_forest_join, serial_shops,
          shop, shop, nicolae_shop_tiny_glass, uniq_jessica
D:3:      minmay_roachtagon, layout_rooms, gammafunk_ghost_gnarly_gnolls
D:4:      layout_basic, old_standard_altar,
          nicolae_ossuary_entry_false_entrances
D:5:      layout_gridville, jmf_multi_god_temple2, mainiacjoe_overflow_brackets,
          nicolae_tso_carved_into_rock, minmay_temple_entry_ruins,
          nicolae_underground_beach, uniq_pikel

Skill      XL: |  1  2  3  4  5  6 |
---------------+-------------------+-----
Axes           | 3 4 5 |  5.6
Fighting       | 4 5 |  5.0
Armour         | 4 5 |  5.1
Shields        | 4 5 |  5.0

Action                     |  1- 3 |  4- 6 || total
---------------------------+-------+-------++-------
  Melee: War axe           |    59 |   151 ||   210
         Headbutt          |     7 |    34 ||    41
    Use: Potion            |       |     3 ||     3
         Scroll            |       |     1 ||     1
 Armour: Scale mail        |    27 |    58 ||    85
  Dodge: Dodged            |    30 |    65 ||    95
  Block: Buckler           |    19 |    46 ||    65
